 Dungeon Crawl Stone Soup version 0.30-a0-672-gc3a7216ad8 (webtiles) character file.

Game seed: 13464288492560104592

50 tio the Twirler (level 3, 0/27 HPs)
             Began as a Demonspawn Gladiator on Jan 18, 2023.
             Slain by a quokka (2 damage)
             ... on level 3 of the Dungeon on Jan 19, 2023.
             The game lasted 00:14:22 (2237 turns).

tio the Twirler (Demonspawn Gladiator)              Turns: 2237, Time: 00:14:23

Health: 0/27       AC:  4    Str: 14    XL:     3   Next: 55%
Magic:  3/3        EV: 12    Int: 11    God:
Gold:   109        SH:  0    Dex: 14    Spells: 2/2 levels left

rFire   . . .      SeeInvis .    a - +0 quarterstaff
rCold   . . .      Faith    .    (shield currently unavailable)
rNeg    . . .      Spirit   .    b - +0 leather armour
rPois   .          Reflect  .    c - +0 helmet
rElec   .          Harm     .    (no cloak)
rCorr   .          Rampage  .    (no gloves)
Will    .....                    (no boots)
Stlth   +                        (no amulet)
HPRegen 0.24/turn                (no ring)
MPRegen 0.08/turn                (no ring)

@: mighty
A: demonic touch 1
a: no special abilities


You were on level 3 of the Dungeon.
You visited 1 branch of the dungeon, and saw 3 of its levels.

You collected 109 gold pieces.

Inventory:

Hand Weapons
 a - a +0 quarterstaff (weapon)
Armour
 b - a +0 leather armour (worn)
 c - a +0 helmet (worn)
 g - a +0 barding
Scrolls
 e - a scroll of teleportation {unknown}
 h - a scroll of identify
Potions
 d - a potion of flight {unknown}
 f - 2 potions of curing {unknown}
 i - 2 potions of invisibility {unknown}
 l - a potion of brilliance {unknown}
 m - a potion of ambrosia {unknown}


   Skills:
 + Level 2.2 Fighting
 + Level 3.2 Staves
 + Level 2.3 Throwing
 + Level 0.6 Armour
 + Level 3.1 Dodging
 + Level 0.1 Stealth


You had 2 spell levels left.
You didn't know any spells.
Your spell library was empty.

Dungeon Overview and Level Annotations

Branches:
Dungeon (3/15)

Altars:
Trog
Yredelemnul

Shops:
D:1 ?=:


Innate Abilities, Weirdness & Mutations

Your touch may inflict minor irresistible damage on your foes.


Message History

The hobgoblin shouts!
The rat attacks as you move away! The rat bites you but does no damage.
The rat attacks as you move away! The rat closely misses you.
A bat comes into view.
You see here 11 gold pieces.
The rat attacks as you move away! The rat barely misses you.
Found Ozocubu's Autobiography.
The bat barely misses you. The bat attacks as you move away!
The bat barely misses you. The bat hits you but does no damage.
The bat attacks as you move away! The bat barely misses you. The bat hits you.
The rat bites you. The orc hits you with a +0 mace.
The rat attacks as you move away! The rat closely misses you.
The orc closely misses you. The orc attacks as you move away!
The orc barely misses you. The rat attacks as you move away!
The rat closely misses you. The orc attacks as you move away!
The orc hits you with a +0 flail.
* * * LOW HITPOINT WARNING * * *
The bat hits you but does no damage. The orc hits you with a +0 mace.
* * * LOW HITPOINT WARNING * * *
The bat barely misses you. The rat attacks as you move away! The rat bites you.
* * * LOW HITPOINT WARNING * * *
The bat closely misses you. The bat attacks as you move away!
The bat hits you but does no damage. The bat completely misses you.
You see here Ozocubu's Autobiography.
Found a bloodstained altar of Trog.
The bat closely misses you. The rat attacks as you move away!
The rat closely misses you.
A quokka comes into view.
The bat hits you.
* * * LOW HITPOINT WARNING * * *
The rat attacks as you move away! The rat bites you but does no damage.
The bat attacks as you move away! The bat closely misses you.
A giant cockroach comes into view.
The bat completely misses you. The bat attacks as you move away!
The bat hits you but does no damage. The quokka closely misses you.
The bat barely misses you. The quokka bites you.
You die...

#...........##.........#
#...........##.g.#######
#######.#..###:#.##
#.......g...#
#......o#...#
#...#.o###..... #..
##r####....#
#..##b..##.....#
#...@._........#
#....r..#......+
##..B.###..... ###..#
.... #... ... #.... ...
####. ..


You could see 2 orcs, a quokka, a giant cockroach, 2 hobgoblins, a bat and a
rat.

Vanquished Creatures
  An adder (D:2)
  2 dart slugs (D:2)
  7 ball pythons
  2 bats
  5 endoplasms
  A giant cockroach (D:3)
  2 goblins
  3 hobgoblins
  3 kobolds
  2 quokkas (D:1)
  2 frilled lizards
  4 rats
34 creatures vanquished.

Notes
Turn   | Place    | Note
-------+----------+-------------------------------------------
     0 | D:1      | tio the Demonspawn Gladiator began the quest for the Orb.
     0 | D:1      | Reached XP level 1. HP: 16/16 MP: 1/1
   409 | D:1      | Discovered your monstrous ancestry.
   409 | D:1      | Gained mutation: Your touch may inflict minor irresistible
                  | damage on your foes. [demonic ancestry]
   409 | D:1      | Reached XP level 2. HP: 22/22 MP: 2/2
   521 | D:1      | Found Ifacuwk's Magic Scroll Boutique.
   633 | D:1      | Found Esaxt's Jewellery Boutique.
   893 | D:1      | Found Possum's Book Emporium.
  1444 | D:2      | Reached XP level 3. HP: 27/27 MP: 3/3
  2159 | D:3      | Found a basalt altar of Yredelemnul.
  2230 | D:3      | HP: 1/27 [rat (1)]
  2232 | D:3      | Found a bloodstained altar of Trog.
  2237 | D:3      | Slain by a quokka

Illustrated notes

Levels and vault maps discovered:
D:1:      dpeg_arrival_stonehenge_8_columns, layout_basic, serial_shops, shop,
          shop, shop
D:2:      layout_basic
D:3:      minmay_evil_eye, layout_basic, trog_three_pillars_becter,
          mainiacjoe_overflow_six_doors_small, grunt_qazlal_sundering,
          nicolae_overflow_ecumenical_swirl, mainiacjoe_overflow_boulevard,
          minmay_misc_feat_iff, minmay_mini_jars

Skill      XL: |  1  2 |
---------------+-------+-----
Staves         | 3 |  3.2
Dodging        | 3 |  3.1
Throwing       | 2 |  2.3
Fighting       | |  2.2
Armour         | |  0.6
Stealth        | |  0.1

Action                   || total
-------------------------++-------
Melee: Quarterstaff      ||    40
Throw: Javelin           ||    27
       Throwing net      ||     7
       Dart              ||    25
  Use: Scroll            ||     2
       Potion            ||     1
Armor: Leather armour    ||    40
Dodge: Dodged            ||    85

Table legend: (Time is in decaauts)
 A = Elapsed time spent in this place.
 B = Non-inter-level travel time spent in this place.
 C = Inter-level travel time spent in this place.
 D = Time resting spent in this place.
 E = Time spent auto-exploring this place.
 F = Levels seen in this place.
 G = Mean time per level.
                   A        B        C        D        E       F      G
               +--------+--------+--------+--------+--------+-----+--------+
         Total |   2250 |   1981 |    269 |      0 |   1675 |   3 |  750.0 |
       Dungeon |   2250 |   1981 |    269 |      0 |   1675 |   3 |  750.0 |
               +--------+--------+--------+--------+--------+-----+--------+

Top non-repeatable levels by time:
     D:1: 1217 daAuts
     D:2: 930 daAuts
     D:3: 102 daAuts
